 Dungeon Crawl Stone Soup version 0.19-a0-706-g03de5d9 (webtiles) character file.

2092 tyrsky the Spear-Bearer (level 9, -5/71 HPs)
             Began as a Merfolk Gladiator on June 19, 2016.
             Was a Believer of Okawaru.
             Slain by Menkaure (14 damage)
             ... on level 6 of the Dungeon.
             The game lasted 00:19:26 (6753 turns).

tyrsky the Spear-Bearer (Merfolk Gladiator)         Turns: 6753, Time: 00:19:26

Health: -5/71      AC:  5    Str: 19    XL:     9   Next: 27%
Magic:  9/9        EV: 15    Int:  7    God:    Okawaru [**....]
Gold:   242        SH: 13    Dex: 14    Spells: 0 memorised, 8 levels left

rFire  + + .     SeeInvis .     B - +2 trident (pierce)
rCold  + . .     Gourm    .     b - +0 leather armour
rNeg   . . .     Faith    .     J - +0 large shield
rPois  +         Spirit   .     j - +1 hat
rElec  +         Dismiss  .     p - +0 cloak
rCorr  +         Reflect  .     (no gloves)
SustAt .         Harm     +     (no boots)
MR     .....                    y - amulet of harm
Stlth  +.........               n - +3 ring of evasion
                                d - ring of poison resistance

@: resistant, not resistant to hostile enchantments, very unstealthy
A: change form in water, swift swim, fire resistance 1, poison resistance,
subdued magic 1
a: Heroism, Renounce Religion


You were on level 6 of the Dungeon.
You worshipped Okawaru.
Okawaru was pleased with you.
You were not hungry.

You visited 2 branches of the dungeon, and saw 7 of its levels.

You collected 242 gold pieces.

Inventory:

Hand Weapons
 a - a +0 trident
 B - a +2 trident of piercing (weapon)
Armour
 b - a +0 leather armour (worn)
 c - a +0 helmet
 j - a +1 hat (worn)
 l - a +0 helmet
 p - a +0 cloak (worn)
 E - a +0 buckler
 J - a +0 large shield (worn)
Jewellery
 d - a ring of poison resistance (left hand)
 i - an uncursed ring of sustain attributes
 n - a +3 ring of evasion (right hand)
 y - an amulet of harm (around neck)
Wands
 D - a wand of polymorph (4/24)
 K - a wand of paralysis (10/24)
Scrolls
 e - 3 scrolls of remove curse
 h - 3 scrolls of immolation
 C - a scroll of recharging
 F - a scroll of enchant weapon
Potions
 k - 2 potions of curing
 m - a potion of haste
 o - a potion of brilliance
 q - a potion of degeneration
 s - a potion of heal wounds
 t - a potion of magic
 v - a potion of might
 w - 4 potions of beneficial mutation {unknown}
 z - a potion of berserk rage {unknown}
 A - a potion of flight {unknown}
 G - 2 potions of lignification {unknown}
Comestibles
 f - 2 bread rations
 g - 3 meat rations
 u - 3 fruits
 x - a royal jelly
 H - a slice of pizza
 I - a beef jerky
 L - 6 chunks of flesh


   Skills:
 + Level 6.9 Fighting
 * Level 12.0 Polearms
 - Level 2.0 Throwing
 + Level 8.4 Dodging
 + Level 2.8 Shields


You had 8 spell levels left.
You didn't know any spells.

Dungeon Overview and Level Annotations

Branches:
Dungeon (6/15)             Temple (1/1) D:5

Altars:
Elyvilon
Gozag
Hepliaklqana
Kikubaaqudgha
Okawaru
Ru
Uskayaw

Shops:
D:6 }

Annotations:
D:6 Menkaure


Innate Abilities, Weirdness & Mutations

You revert to your normal form in water.
You are very nimble and swift while swimming.
Your flesh is heat resistant. (rF+)
Your system is resistant to poisons. (rPois)
Your spells are a little easier to cast, but a little less powerful.


Message History

* * * LOW HITPOINT WARNING * * *
You hit Menkaure.
Menkaure is lightly damaged.
You block Menkaure's attack.
You puncture Menkaure!
Menkaure is almost destroyed.
You hit Menkaure but do no damage.
Menkaure is almost destroyed.
Menkaure casts a spell at you. Pain shoots through your body!
* * * LOW HITPOINT WARNING * * *
You hit Menkaure but do no damage.
Menkaure is almost destroyed.
Menkaure calls on the powers of darkness!
Your body is wracked with pain!
* * * LOW HITPOINT WARNING * * *
You hit Menkaure but do no damage.
Menkaure is almost destroyed.
Menkaure hits you!
You die...

#.# ##...## #.# #.# ##+##
#.### #.# #.# #...#
#.#***#####.##### ###.#
*,**,,,.........# #.#
**,**,***#....##.# #.#
*,*,,,,,*#.......########.#
**,**,*,*#................#
****,*,*#.m.....##########
*,#...M......#
#............#
#.####.......#
#,,,....###### ***######


You could see Menkaure.

Vanquished Creatures
  The ghost of tyrsky the Stinger, an amateur NaVM (D:3)
  Duvessa (D:4)
  A sky beast (D:6)
  2 ice beasts
  5 ogres
  A giant frog (D:6)
  A scorpion (D:6)
  Dowan (D:4)
  A howler monkey (D:6)
  A crimson imp (D:6)
  A giant frog zombie (D:5)
  A quasit (D:6)
  5 orc priests
  A gnoll shaman (D:5)
  2 hounds
  9 orc wizards
  3 iguanas
  3 worker ants
  3 adders
  8 gnolls
  2 oozes
  An adder zombie (D:6)
  2 worms (D:3)
  3 dart slugs
  A giant gecko (D:5)
  22 orcs
  10 bats
  11 giant cockroaches
  8 goblins
  10 hobgoblins
  3 kobolds
  A quokka (D:4)
  2 ball python skeletons
  A giant cockroach zombie (D:6)
  5 giant newts
  A quokka zombie (D:5)
  11 rats
145 creatures vanquished.

Vanquished Creatures (others)
  A human (D:3)
  A quokka (D:4)
2 creatures vanquished.

Grand Total: 147 creatures vanquished

Notes
Turn   | Place    | Note
--------------------------------------------------------------
     0 | D:1      | tyrsky the Merfolk Gladiator began the quest for the Orb.
     0 | D:1      | Reached XP level 1. HP: 16/16 MP: 1/1
   116 | D:1      | Reached XP level 2. HP: 23/23 MP: 2/2
   125 | D:1      | Reached skill level 5 in Polearms
   209 | D:1      | Reached XP level 3. HP: 16/28 MP: 3/3
   994 | D:2      | Reached XP level 4. HP: 34/34 MP: 4/4
  1001 | D:2      | Reached skill level 6 in Polearms
  1493 | D:3      | Noticed tyrsky's ghost (amateur NaVM)
  2009 | D:4      | Found a hide-covered altar of Uskayaw.
  2017 | D:4      | Noticed Dowan
  2034 | D:4      | Killed Dowan
  2034 | D:4      | Reached skill level 5 in Dodging
  2034 | D:4      | Reached XP level 5. HP: 38/41 MP: 5/5
  2094 | D:4      | Reached skill level 7 in Polearms
  2160 | D:3      | Reached XP level 6. HP: 33/48 MP: 6/6
  2371 | D:3      | Found an ancient bone altar of Kikubaaqudgha.
  2379 | D:3      | Noticed a human
  2380 | D:3      | Killed a human
  2585 | D:4      | Found a white marble altar of Elyvilon.
  2622 | D:4      | Noticed Duvessa
  2881 | D:3      | Killed tyrsky's ghost
  2881 | D:3      | Reached skill level 8 in Polearms
  3213 | D:4      | Reached XP level 7. HP: 15/55 MP: 7/7
  3494 | D:4      | You fall through a shaft for 2 floors!
  3771 | D:5      | Entered Level 5 of the Dungeon
  4104 | D:5      | Reached skill level 9 in Polearms
  4249 | D:4      | Killed Duvessa
  4249 | D:4      | Reached skill level 5 in Fighting
  4614 | D:5      | Found a staircase to the Ecumenical Temple.
  4629 | Temple   | Entered the Ecumenical Temple
  4640 | Temple   | Became a worshipper of Warmaster Okawaru
  4794 | D:5      | Reached XP level 8. HP: 43/62 MP: 8/8
  5078 | D:4      | Reached skill level 10 in Polearms
  5558 | D:4      | Found an opulent altar of Gozag.
  5818 | D:6      | Reached * piety under Okawaru
  5950 | D:6      | Reached skill level 1 in Shields
  6012 | D:6      | Found an ancient bone altar of Kikubaaqudgha.
  6100 | D:6      | Reached skill level 11 in Polearms
  6297 | D:6      | Found Pimoetut's Gadget Shop.
  6362 | D:6      | Reached XP level 9. HP: 64/71 MP: 9/9
  6369 | D:6      | Gained mutation: Your system is resistant to poisons. (rPois) [mutagenic meat]
  6370 | D:6      | Gained mutation: Your spells are a little easier to cast, but a little less powerful. [mutagenic meat]
  6371 | D:6      | Gained mutation: Your flesh is heat resistant. (rF+) [mutagenic meat]
  6606 | D:6      | Reached ** piety under Okawaru
  6707 | D:6      | Reached skill level 12 in Polearms
  6743 | D:6      | Noticed Menkaure
  6753 | D:6      | Slain by Menkaure

Vault maps used:
D:1:      lightli_arrival_quake
D:3:      first_bread, tgw_kikubaaqudgha
D:4:      lemuel_coloured_pillars_altar, lemuel_doored_altar, minivault_27,
          elyvilon_altar_4, uniq_duvessa
D:5:      minmay_temple_entry_hall
D:6:      serial_shops, shop, basic_altar, uniq_menkaure
Temple:   dpeg_circular_temple_20

Skill      XL: |  1  2  3  4  5  6  7  8  9 |
---------------+----------------------------+-----
Polearms       | 5 6 7 8 9 11 12 | 12.0
Fighting       | 3 4 5 6 |  6.9
Dodging        | 5 6 8 |  8.4
Shields        | 2 |  2.8
Throwing       | |  2.0

Action                   |  1- 3 |  4- 6 |  7- 9 || total
-------------------------+-------+-------+-------++-------
Melee: Trident           |   121 |   211 |   312 ||   644
       Unarmed           |       |       |    19 ||    19
Throw: Throwing net      |     6 |     1 |       ||     7
  Use: Potion            |       |     3 |     3 ||     6
       Scroll            |       |     1 |    12 ||    13
 Stab: Sleeping          |     4 |       |       ||     4
       Distracted        |       |       |     1 ||     1
  Eat: Chunk             |       |     5 |     9 ||    14
       Bread ration      |       |     1 |     1 ||     2
Armor: Leather armour    |    24 |    26 |    29 ||    79
       Skin              |       |       |     2 ||     2
Dodge: Dodged            |    64 |   129 |   141 ||   334
Block: Large shield      |       |       |    45 ||    45
       Buckler           |       |       |     1 ||     1
